 Dungeon Crawl Stone Soup version 0.21-a0-1-gaf3b9a5 (webtiles) character file.

381 nikopol the Skirmisher (level 6, -6/40 HPs)
             Began as a Gargoyle Berserker on May 20, 2017.
             Was a Priest of Trog.
             Mangled by an ogre
             ... wielding a +0 giant spiked club
              (30 damage)
             ... on level 4 of the Dungeon.
             The game lasted 00:08:33 (3399 turns).

nikopol the Skirmisher (Gargoyle Berserker)         Turns: 3399, Time: 00:08:33

Health: -6/40      AC: 13    Str: 21    XL:     6   Next: 75%
Magic:  6/6        EV: 12    Int:  7    God:    Trog [***...]
Gold:   198        SH:  0    Dex: 11    Spells: 5/5 levels left

rFire    . . .     SeeInvis .   a - +0 hand axe
rCold    . . .     Gourm    .   (no shield)
rNeg     + . .     Faith    .   n - +0 ring mail
rPois    ∞         Spirit   .   x - +0 helmet
rElec    +         Reflect  .   C - +0 cloak
rCorr    .         Harm     .   w - +0 pair of gloves (curse)
MR       .....                  (no boots)
Stlth    +.........             (no amulet)
Regen    0.2/turn               (no ring)
MPRegen  0.1/turn               (no ring)

@: no status effects
A: negative energy resistance 1, electricity resistance, unbreathing,
petrification resistance, rot immunity, AC +4
a: Berserk, Trog's Hand, Burn Spellbooks, Renounce Religion


You were on level 4 of the Dungeon.
You worshipped Trog.
Trog was most pleased with you.
You were very hungry.

You visited 1 branch of the dungeon, and saw 4 of its levels.

You collected 198 gold pieces.

Inventory:

Hand Weapons
 a - a +0 hand axe (weapon)
Missiles
 y - 13 arrows (quivered)
Armour
 b - a +0 animal skin
 n - a +0 ring mail (worn)
 w - a cursed +0 pair of gloves (worn)
 x - a +0 helmet (worn)
 C - a +0 cloak (worn)
Jewellery
 p - a +3 ring of intelligence {unknown}
 v - an uncursed ring of positive energy {unknown}
 A - an uncursed ring of flight {unknown}
Wands
 q - a wand of iceblast (12/15)
Scrolls
 d - a scroll of fog {unknown}
 e - a scroll of magic mapping {unknown}
 f - 3 scrolls of teleportation {unknown}
 j - a scroll of remove curse {unknown}
 k - 5 scrolls of identify {unknown}
 l - 3 scrolls of amnesia {unknown}
 s - a scroll of enchant armour {unknown}
 u - a scroll of immolation {unknown}
Potions
 h - a potion of ambrosia {unknown}
 i - 2 potions of haste {unknown}
 o - 3 potions of resistance {unknown}
 r - a potion of agility {unknown}
 t - a potion of magic {unknown}
 z - a potion of flight {unknown}
 B - a potion of invisibility {unknown}
Comestibles
 c - 3 bread rations
 g - 2 meat rations
 m - 2 royal jellies


   Skills:
 + Level 5.0 Fighting
 + Level 3.9 Axes
 + Level 4.1 Armour
 + Level 3.3 Dodging


You had 5 spell levels left.
You didn't know any spells.

Dungeon Overview and Level Annotations

Branches:
Dungeon (4/15)
 Temple: D:4-7

Altars:
Elyvilon
Kikubaaqudgha


Innate Abilities, Weirdness & Mutations

You are resistant to torment.
Your stone body is resilient. (AC +4)
You are immune to poison.
You resist negative energy. (rN+)
You are resistant to electric shocks. (rElec)
You can survive without breathing.
You are immune to petrification.
You are immune to rotting.


Message History

You hit the ogre.
The ogre is moderately wounded.
The ogre closely misses you.
You hit the ogre.
The ogre is heavily wounded.
The ogre hits you with a giant spiked club!
You hit the ogre.
The ogre is severely wounded.
You slash the ogre!
The ogre is almost dead.
The ogre misses you.
You hit the ogre.
You kill the ogre!
Trog accepts your kill.
Your Fighting skill increases to level 5!
Your Armour skill increases to level 4!
You hit the ogre.
The ogre hits you with a giant spiked club!!
Ouch! That really hurt!
You die...

.######+###
..........#
..........#
..........#
..........#
..>...)...+
......O@..# ...
#############'##....
#....................
+#....................
...............>......
......................
......................
.....................?
(......<..............


You could see an ogre.

Vanquished Creatures
  An ice beast (D:3)
  An ogre (D:4)
  3 orc priests (D:3)
  An orc wizard (D:3)
  An ooze (D:3)
  4 worms
  5 leopard geckos
  4 orcs (D:3)
  6 bats
  2 giant cockroaches (D:2)
  7 goblins
  3 hobgoblins
  9 jackals
  3 quokkas
  2 ball pythons
  4 frilled lizards
  6 kobolds
  12 rats
74 creatures vanquished.

Notes
Turn   | Place    | Note
-------+----------+-------------------------------------------
     0 | D:1      | nikopol the Gargoyle Berserker began the quest for the Orb.
     0 | D:1      | Reached XP level 1. HP: 14/14 MP: 1/1
   116 | D:1      | Reached XP level 2. HP: 10/19 MP: 2/2
   806 | D:2      | Reached XP level 3. HP: 10/23 MP: 3/3
  1085 | D:2      | Reached ** piety under Trog
  1690 | D:3      | Reached skill level 4 in Fighting
  1690 | D:3      | Reached XP level 4. HP: 8/29 MP: 4/4
  1702 | D:3      | Reached XP level 5. HP: 9/33 MP: 5/5
  2123 | D:3      | Noticed an ice beast
  2140 | D:3      | Killed an ice beast
  2157 | D:3      | Reached XP level 6. HP: 4/39 MP: 6/6
  2818 | D:3      | Reached *** piety under Trog
  3213 | D:3      | Found an ancient bone altar of Kikubaaqudgha.
  3213 | D:3      | Found a white marble altar of Elyvilon.
  3399 | D:4      | Reached skill level 5 in Fighting
  3399 | D:4      | Mangled by an ogre

Vault maps used:
D:1:      lemuel_arrival_room, minmay_pentomino_t4
D:2:      first_bread
D:3:      gammafunk_temple_overflow_pools

Skill      XL: |  1  2  3  4  5  6 |
---------------+-------------------+-----
Dodging        | 2 3 |  3.3
Axes           | 3 |  3.9
Fighting       | 4 5 |  5.0
Armour         | 3 4 |  4.1

Action                   |  1- 3 |  4- 6 || total
-------------------------+-------+-------++-------
Melee: Hand axe          |   127 |   130 ||   257
Invok: Berserk           |     3 |     2 ||     5
       Burn Spellbooks   |     1 |       ||     1
 Stab: Sleeping          |     1 |       ||     1
  Eat: Chunk             |     4 |     7 ||    11
Armor: Animal skin       |    35 |       ||    35
       Ring mail         |    33 |    63 ||    96
Dodge: Dodged            |    90 |    72 ||   162
